[ AOE2 MATCH · #505145192 ]
UnrankedDravidians vs Khitans
Player's team · LOSS
Rival team · WIN
[ REPLAY ANALYSIS · EXTRACTED FROM THE RECORDED GAME ]
Feudal
10:57
Castle
14:58
Imperial
—
| APM avg | 47.2 |
| APM peak | 101 |
| eAPM avg | 26.6 |
| Villagers / military | 53 / 17 |
Focus
⚔️ 25.5% · 🌾 74.5%
Spearman ×14 · Scorpion ×3
Feudal
8:57
Castle
—
Imperial
—
| APM avg | 67.1 |
| APM peak | 129 |
| eAPM avg | 25.8 |
| Villagers / military | 64 / 35 |
Focus
⚔️ 33.8% · 🌾 66.2%
Scout Cavalry ×26 · Archer ×9
Match map
Initial resources + every placement click. Lines = walls · curves = elevation contours. ◆ gold · ⬟ stone · ● berries · ✦ relic · ◌ wall gap
Your base· Open — unwalled flank
Joselu9710's base· Open — 10t gap
Smoothed initial terrain · ◌ = detected wall gap · hover for details
Inputs per minute
— eduv - - Joselu9710
Build order — eduv
117 actions detected in the replay
| 0:02 | Create | Villager (Male) |
| 0:02 | Create | Villager (Male) |
| 0:03 | Build | House |
| 0:05 | Build | House |
| 0:18 | Create | Villager (Male) |
| 0:18 | Create | Villager (Male) |
| 0:18 | Create | Villager (Male) |
| 1:36 | Create | Villager (Male) |
| 1:36 | Create | Villager (Male) |
| 1:37 | Create | Villager (Male) |
| 2:00 | Create | Villager (Male) |
| 2:29 | Create | Villager (Male) |
| 2:29 | Create | Villager (Male) |
| 2:29 | Create | Villager (Male) |
| 2:53 | Create | Villager (Male) |
| 2:53 | Create | Villager (Male) |
| 3:32 | Create | Villager (Male) |
| 3:33 | Create | Villager (Male) |
| 3:33 | Create | Villager (Male) |
| 4:09 | Build | House |
| 4:16 | Build | Lumber Camp |
| 4:24 | Build | House |
| 4:58 | Create | Villager (Male) |
| 4:59 | Create | Villager (Male) |
| 4:59 | Create | Villager (Male) |
| 4:59 | Create | Villager (Male) |
| 5:07 | Create | Villager (Male) |
| 5:07 | Create | Villager (Male) |
| 5:07 | Create | Villager (Male) |
| 5:30 | Build | House |
| 5:32 | Create | Villager (Male) |
| 5:33 | Create | Villager (Male) |
| 6:00 | Create | Villager (Male) |
| 6:00 | Create | Villager (Male) |
| 6:00 | Create | Villager (Male) |
| 6:22 | Create | Villager (Male) |
| 6:22 | Create | Villager (Male) |
| 6:22 | Create | Villager (Male) |
| 6:38 | Build | Mill |
| 6:40 | Create | Villager (Male) |
| 6:40 | Create | Villager (Male) |
| 7:02 | Create | Villager (Male) |
| 7:02 | Create | Villager (Male) |
| 7:05 | Create | Villager (Male) |
| 7:06 | Create | Villager (Male) |
| 7:31 | Build | Mill |
| 7:33 | Create | Villager (Male) |
| 7:34 | Create | Villager (Male) |
| 7:34 | Create | Villager (Male) |
| 8:45 | Research | Feudal Age |
| 8:45 | Research | Feudal Age |
| 9:32 | Build | Palisade Wall |
| 10:11 | Create | Villager (Male) |
| 10:12 | Research | Loom |
| 10:57 | Age | Feudal Age |
| 11:05 | Build | Palisade Wall |
| 11:17 | Build | Market |
| 11:20 | Build | Blacksmith |
| 11:22 | Build | House |
| 11:25 | Build | House |
| 11:31 | Build | Mining Camp |
| 11:40 | Build | Palisade Wall |
| 11:45 | Build | Palisade Wall |
| 11:58 | Build | Palisade Gate |
| 12:02 | Build | Palisade Wall |
| 12:03 | Build | Palisade Wall |
| 12:18 | Research | Castle Age |
| 12:18 | Research | Castle Age |
| 12:18 | Research | Castle Age |
| 12:48 | Build | Barracks |
| 13:25 | Create | Spearman |
| 13:25 | Create | Spearman |
| 13:25 | Create | Spearman |
| 13:33 | Research | Scale Mail Armor |
| 13:35 | Create | Villager (Male) |
| 13:45 | Build | Farm |
| 13:46 | Build | Farm |
| 13:47 | Build | Farm |
| 14:07 | Build | Palisade Wall |
| 14:45 | Build | Mining Camp |
| 14:58 | Age | Castle Age |
| 15:04 | Research | Pikeman (upgrade) |
| 15:04 | Research | Pikeman (upgrade) |
| 15:04 | Research | Squires |
| 15:05 | Research | Squires |
| 15:08 | Build | Lumber Camp |
| 15:35 | Create | Spearman |
| 15:51 | Create | Villager (Male) |
| 16:20 | Create | Villager (Male) |
| 16:21 | Create | Villager (Male) |
| 16:37 | Create | Villager (Male) |
| 16:38 | Create | Spearman |
| 16:59 | Create | Spearman |
| 17:00 | Create | Villager (Male) |
| 17:20 | Create | Villager (Male) |
| 17:25 | Create | Spearman |
| 17:26 | Create | Villager (Male) |
| 17:39 | Create | Spearman |
| 17:46 | Build | Farm |
| 17:46 | Build | Farm |
| 18:10 | Create | Spearman |
| 18:22 | Build | Palisade Wall |
| 18:58 | Create | Spearman |
| 19:11 | Create | Villager (Male) |
| 19:29 | Build | Siege Workshop |
| 19:40 | Build | Farm |
| 19:50 | Create | Villager (Male) |
| 20:19 | Create | Scorpion |
| 20:32 | Create | Villager (Male) |
| 20:43 | Create | Scorpion |
| 20:57 | Build | Farm |
| 21:05 | Build | House |
| 21:10 | Create | Spearman |
| 21:29 | Create | Scorpion |
| 21:30 | Create | Spearman |
| 21:30 | Create | Spearman |
| 21:31 | Create | Spearman |
Build order — Joselu9710
First 150 of 165 actions detected
| 0:00 | Create | Villager (Male) |
| 0:00 | Create | Villager (Male) |
| 0:02 | Build | House |
| 0:02 | Build | House |
| 0:09 | Create | Villager (Male) |
| 0:09 | Create | Villager (Male) |
| 0:10 | Create | Villager (Male) |
| 1:28 | Create | Villager (Male) |
| 1:28 | Create | Villager (Male) |
| 2:02 | Create | Villager (Male) |
| 2:03 | Create | Villager (Male) |
| 2:26 | Create | Villager (Male) |
| 2:26 | Create | Villager (Male) |
| 2:52 | Create | Villager (Male) |
| 2:53 | Create | Villager (Male) |
| 2:55 | Build | Lumber Camp |
| 3:28 | Create | Villager (Male) |
| 3:43 | Create | Villager (Male) |
| 3:51 | Build | House |
| 3:55 | Build | House |
| 3:59 | Create | Villager (Male) |
| 3:59 | Create | Villager (Male) |
| 5:01 | Create | Villager (Male) |
| 5:01 | Create | Villager (Male) |
| 5:01 | Create | Villager (Male) |
| 5:01 | Create | Villager (Male) |
| 5:01 | Create | Villager (Male) |
| 5:48 | Build | Mill |
| 6:00 | Research | Loom |
| 6:08 | Create | Villager (Male) |
| 6:16 | Research | Loom |
| 6:19 | Create | Villager (Male) |
| 6:47 | Research | Feudal Age |
| 6:47 | Research | Feudal Age |
| 7:13 | Research | Loom |
| 7:29 | Create | Villager (Male) |
| 7:48 | Build | Barracks |
| 8:57 | Age | Feudal Age |
| 9:01 | Build | Stable |
| 9:01 | Research | Double-Bit Axe |
| 9:01 | Research | Double-Bit Axe |
| 9:35 | Research | Tech 1014 |
| 9:37 | Create | Villager (Male) |
| 9:42 | Create | Scout Cavalry |
| 9:42 | Create | Scout Cavalry |
| 9:52 | Create | Scout Cavalry |
| 9:52 | Create | Scout Cavalry |
| 10:03 | Create | Villager (Male) |
| 10:03 | Create | Villager (Male) |
| 10:10 | Build | Pasture |
| 10:14 | Build | House |
| 10:15 | Build | House |
| 10:25 | Create | Villager (Male) |
| 10:29 | Build | Pasture |
| 10:46 | Build | Pasture |
| 11:04 | Create | Scout Cavalry |
| 11:10 | Create | Villager (Male) |
| 11:11 | Create | Villager (Male) |
| 11:15 | Create | Villager (Male) |
| 11:16 | Create | Villager (Male) |
| 11:16 | Create | Villager (Male) |
| 11:21 | Create | Villager (Male) |
| 11:32 | Build | Mining Camp |
| 11:38 | Create | Scout Cavalry |
| 11:38 | Create | Scout Cavalry |
| 11:49 | Create | Scout Cavalry |
| 11:52 | Create | Villager (Male) |
| 12:07 | Build | Watch Tower |
| 12:10 | Create | Villager (Male) |
| 12:23 | Create | Scout Cavalry |
| 12:31 | Build | House |
| 12:32 | Build | House |
| 12:43 | Create | Villager (Male) |
| 13:02 | Build | Watch Tower |
| 13:03 | Create | Scout Cavalry |
| 13:14 | Build | Pasture |
| 13:15 | Build | Pasture |
| 13:15 | Build | Pasture |
| 13:15 | Build | Pasture |
| 13:15 | Build | Pasture |
| 13:16 | Build | Pasture |
| 13:20 | Create | Villager (Male) |
| 13:27 | Create | Scout Cavalry |
| 13:31 | Build | Palisade Wall |
| 13:32 | Build | Palisade Wall |
| 13:37 | Build | Palisade Wall |
| 13:37 | Build | Palisade Wall |
| 13:45 | Build | Pasture |
| 13:51 | Create | Scout Cavalry |
| 14:08 | Create | Villager (Male) |
| 14:19 | Create | Villager (Male) |
| 14:31 | Create | Scout Cavalry |
| 14:32 | Create | Scout Cavalry |
| 14:39 | Build | Blacksmith |
| 15:02 | Build | Watch Tower |
| 15:08 | Research | Forging |
| 15:08 | Research | Forging |
| 15:19 | Create | Villager (Male) |
| 15:42 | Create | Villager (Male) |
| 15:48 | Create | Scout Cavalry |
| 16:05 | Build | Palisade Wall |
| 16:06 | Build | Palisade Wall |
| 16:07 | Build | Palisade Wall |
| 16:08 | Create | Scout Cavalry |
| 16:08 | Create | Scout Cavalry |
| 16:15 | Create | Villager (Male) |
| 16:16 | Create | Villager (Male) |
| 16:18 | Build | Pasture |
| 16:20 | Build | Pasture |
| 16:23 | Build | Pasture |
| 16:34 | Create | Villager (Male) |
| 16:41 | Create | Villager (Male) |
| 16:55 | Create | Villager (Male) |
| 17:10 | Create | Scout Cavalry |
| 17:17 | Create | Villager (Male) |
| 17:21 | Build | Mill |
| 17:27 | Create | Villager (Male) |
| 17:29 | Build | Archery Range |
| 17:30 | Create | Villager (Male) |
| 17:33 | Create | Scout Cavalry |
| 17:36 | Build | House |
| 17:36 | Build | House |
| 17:40 | Create | Villager (Male) |
| 17:49 | Build | Archery Range |
| 17:51 | Create | Villager (Male) |
| 18:00 | Build | Mining Camp |
| 18:04 | Create | Scout Cavalry |
| 18:12 | Create | Scout Cavalry |
| 18:25 | Create | Villager (Male) |
| 18:33 | Build | Watch Tower |
| 18:36 | Build | House |
| 18:44 | Build | House |
| 18:46 | Build | Palisade Wall |
| 18:52 | Create | Archer |
| 18:52 | Create | Archer |
| 18:52 | Create | Archer |
| 18:53 | Create | Villager (Male) |
| 19:20 | Create | Archer |
| 19:34 | Create | Villager (Male) |
| 19:36 | Build | Pasture |
| 19:36 | Build | Pasture |
| 19:41 | Create | Scout Cavalry |
| 19:49 | Create | Archer |
| 19:50 | Create | Villager (Male) |
| 19:51 | Create | Villager (Male) |
| 19:52 | Create | Villager (Male) |
| 19:55 | Create | Scout Cavalry |
| 20:11 | Create | Villager (Male) |
| 20:14 | Build | Pasture |
| 20:30 | Research | Fletching |
Match timeline
| 7:48 | Joselu9710 · first_building Barracks |
| 8:57 | Joselu9710 · age_up feudal |
| 9:01 | Joselu9710 · first_building Stable |
| 9:32 | eduv · wall_segment Palisade Wall x1 |
| 10:57 | eduv · age_up feudal |
| 11:05 | eduv · wall_segment Palisade Wall x1 |
| 11:40 | eduv · wall_segment Palisade Wall x6 |
| 11:45 | eduv · wall_segment Palisade Wall x4 |
| 12:02 | eduv · wall_segment Palisade Wall x1 |
| 12:03 | eduv · wall_segment Palisade Wall x1 |
| 12:16 | eduv · first_market_sell 100 stone |
| 12:48 | eduv · first_building Barracks |
| 13:31 | Joselu9710 · wall_segment Palisade Wall x1 |
| 13:31 | eduv · first_market_buy 100 food |
| 13:32 | Joselu9710 · wall_segment Palisade Wall x1 |
| 13:37 | Joselu9710 · wall_segment Palisade Wall x2 |
| 13:37 | Joselu9710 · wall_segment Palisade Wall x3 |
| 14:07 | eduv · wall_segment Palisade Wall x1 |
| 14:58 | eduv · age_up castle |
| 16:05 | Joselu9710 · wall_segment Palisade Wall x3 |
| 16:06 | Joselu9710 · wall_segment Palisade Wall x2 |
| 16:07 | Joselu9710 · wall_segment Palisade Wall x2 |
| 17:29 | Joselu9710 · first_building Archery Range |
| 18:22 | eduv · wall_segment Palisade Wall x4 |
| 18:46 | Joselu9710 · wall_segment Palisade Wall x1 |
| 19:29 | eduv · first_building Siege Workshop |
| 21:56 | eduv · resign |
[ AI ANALYSIS · 1 CREDIT ]
What really happened in this match?
Wolo.gg analyzes every decision: build order, eco, micro, common mistakes by bracket. Personalized analysis on WhatsApp or Discord in 30 seconds.
Civ guide
Dravidians
Perfil
eduv